 Dungeon Crawl Stone Soup version 0.25.1-2-g60ff931df9 (webtiles) character file.

Game seed: 6699632094992524737

354 funkygono the Conjurer (level 6, -1/46 HPs)
             Began as a Draconian Conjurer on Aug 17, 2020.
             Slain by Pikel
             ... wielding a +2 whip of flaming
              (2 damage)
             ... on level 4 of the Dungeon.
             The game lasted 00:09:06 (4256 turns).

funkygono the Conjurer (Draconian Conjurer)         Turns: 4256, Time: 00:09:08

Health: -1/46      AC:  8    Str: 10    XL:     6   Next: 35%
Magic:  2/11       EV: 12    Int: 18    God:
Gold:   189        SH:  0    Dex: 11    Spells: 6/12 levels left

rFire    . . .     SeeInvis .   d - +0 mace
rCold    . . .     Gourm    .   (no shield)
rNeg     . . .     Faith    .   (armour unavailable)
rPois    .         Spirit   .   (helmet restricted)
rElec    .         Reflect  .   (no cloak)
rCorr    +         Harm     .   (no gloves)
MR       .....                  k - +1 pair of boots
Stlth    ++........             (no amulet)
HPRegen  0.15/turn              s - ring of resist corrosion
MPRegen  0.12/turn              (no ring)

@: no status effects
A: unfitting armour, cold-blooded, AC +6
a: no special abilities


You were on level 4 of the Dungeon.
You were not hungry.

You visited 1 branch of the dungeon, and saw 4 of its levels.

You collected 189 gold pieces.

Inventory:

Hand Weapons
 d - a +0 mace (weapon)
 m - a +2 dagger of pain
 r - a +1 dagger of venom
 u - a +3 club
Missiles
 f - 174 stones (quivered)
Armour
 k - a +1 pair of boots (worn)
Jewellery
 s - a ring of resist corrosion (left hand)
Wands
 t - a wand of flame (21)
Scrolls
 j - 2 scrolls of remove curse
 q - a scroll of identify
 w - a scroll of enchant weapon {unknown}
Potions
 a - 3 potions of haste
 c - 5 potions of curing
 e - 2 potions of lignification
 g - 2 potions of brilliance
 i - 2 potions of resistance
 l - 2 potions of berserk rage
 n - a potion of heal wounds {unknown}
 o - a potion of flight
 p - a potion of might
 v - a potion of stabbing {unknown}
Comestibles
 b - 8 rations
 h - 2 chunks of flesh


   Skills:
 + Level 0.4 Fighting
 + Level 2.1 Maces & Flails
 + Level 2.1 Dodging
 + Level 2.0 Stealth
 * Level 3.8 Spellcasting
 * Level 6.0 Conjurations


You had 6 spell levels left.
You knew the following spells:

 Your Spells              Type           Power        Failure   Level  Hunger
a - Magic Dart            Conj           ####         1%          1    None
b - Searing Ray           Conj           ####..       1%          2    ##.....
c - Dazzling Flash        Conj/Hex       ##....       13%         3    ###....

Your spell library contained the following spells:

 Spells                   Type           Power        Failure   Level  Hunger
 Fulminant Prism          Conj/Hex       ##........   41%         4    ####...
 Iskenderun's Mystic Bla  Conj/Tloc      ##......     41%         4    ####...


Dungeon Overview and Level Annotations

Branches:
Dungeon (4/15)
 Temple: D:4-7

Altars:

Annotations:
D:4 Pikel


Innate Abilities, Weirdness & Mutations

Your plain brown scales are hard. (AC +6)
You cannot fit into any form of body armour.
You are cold-blooded and may be slowed by cold attacks.


Message History

Pikel is almost dead.
The slave barely misses you.
Pikel hits you with a +2 whip of flaming.
Pikel burns you. The slave hits you but does no damage.
The slave shouts!
You hit Pikel.
Pikel is almost dead.
Pikel hits you with a +2 whip of flaming.
Pikel burns you. The slave misses you.
You barely miss Pikel.
Your tail-slap misses Pikel.
Pikel is almost dead.
Pikel hits you but does no damage. The slave hits you but does no damage.
You closely miss Pikel.
Pikel is almost dead.
Pikel hits you with a +2 whip of flaming!
Pikel burns you. The slave hits you!
Pikel hits you with a +2 whip of flaming!
* * * LOW HITPOINT WARNING * * *
Pikel burns you.
You die...

######## ##.## #. #.....<########
##.#..#.#.
#.............###.P#.#..#†
#...........[.##.#..P#P...
#.............##P#.......P
#........@p...#...P≈≈≈.P≈≈
#.........K...#..P≈≈≈≈≈≈≈≈
#........p....#.≈≈≈≈p≈≈≈.≈
#.........)...#.#≈≈≈#≈≈≈#≈
#.............####.###.##
...............#...#...#
############.#.....##.......p....
.................................
...........###.##.##.............


You could see Pikel and 2 slaves.

Vanquished Creatures
  2 slaves (D:4)
  An ogre (D:4)
  An orc wizard (D:3)
  Jessica (D:3)
  A worker ant (D:4)
  3 gnolls (D:2)
  5 adders
  A river rat (D:3)
  An ooze (D:2)
  3 worms
  An adder skeleton (D:4)
  3 dart slugs (D:1)
  2 leopard geckos
  11 orcs (D:3)
  A ball python (D:1)
  5 giant cockroaches
  11 goblins
  5 hobgoblins (D:3)
  4 jackals (D:2)
  A quokka (D:3)
  7 bats
  4 frilled lizards
  5 kobolds
  11 rats
90 creatures vanquished.

Notes
Turn   | Place    | Note
-------+----------+-------------------------------------------
     0 | D:1      | funkygono the Draconian Conjurer began the quest for the
                  | Orb.
     0 | D:1      | Reached XP level 1. HP: 14/14 MP: 3/3
   169 | D:1      | Reached XP level 2. HP: 20/20 MP: 1/5
   173 | D:1      | Learned a level 2 spell: Searing Ray
   987 | D:2      | Reached XP level 3. HP: 27/27 MP: 0/6
  1112 | D:2      | Reached skill level 5 in Conjurations
  1129 | D:2      | Reached XP level 4. HP: 19/34 MP: 1/7
  2064 | D:2      | Learned a level 3 spell: Dazzling Flash
  2745 | D:3      | Reached XP level 5. HP: 39/39 MP: 5/9
  3196 | D:3      | Reached skill level 1 in Maces & Flails
  3563 | D:3      | Noticed Jessica
  3582 | D:3      | Killed Jessica
  3865 | D:4      | Noticed an ogre
  3869 | D:4      | Killed an ogre
  3869 | D:4      | Reached skill level 6 in Conjurations
  3869 | D:4      | Reached XP level 6. HP: 46/46 MP: 6/11
  4157 | D:4      | Noticed a slave
  4164 | D:4      | Noticed a slave
  4165 | D:4      | Killed a slave
  4166 | D:4      | Noticed a slave
  4166 | D:4      | Noticed a slave
  4192 | D:4      | Killed a slave
  4241 | D:4      | Noticed Pikel
  4256 | D:4      | HP: 1/46 [Pikel/+2 whip of flaming (13)]
  4256 | D:4      | Slain by Pikel

Illustrated notes

Levels and vault maps discovered:
D:1:      dpeg_arrival_windows_large_door, layout_basic
D:2:      layout_basic
D:3:      layout_loops_ring, first_ration, portal_sewer_entry_a, uniq_jessica
D:4:      wad_lake_hut, layout_basic, eat_drink_and_be_merry_uskayaw,
          uniq_pikel, uniq_blork_the_orc

Skill      XL: |  1  2  3  4  5  6 |
---------------+-------------------+-----
Stealth        | 2 |  2.0
Conjurations   | 5 6 |  6.0
Dodging        | 2 |  2.1
Spellcasting   | 3 |  3.8
Maces & Flails | 1 2 |  2.1
Fighting       | |  0.4

Action                   |  1- 3 |  4- 6 || total
-------------------------+-------+-------++-------
Melee: Mace              |    21 |    63 ||    84
       Tailslap          |     4 |     3 ||     7
 Cast: Magic Dart        |    44 |   106 ||   150
       Searing Ray       |     2 |    14 ||    16
       Dazzling Flash    |       |     1 ||     1
  Use: Scroll            |     7 |     6 ||    13
  Eat: Chunk             |     1 |    11 ||    12
Armor: Skin              |     7 |    28 ||    35
Dodge: Dodged            |    13 |    53 ||    66
